 Dungeon Crawl Stone Soup version 0.28-a0-1594-ga885d4b3d6 (webtiles) character file.

Game seed: 9710862693272414517

88 oldriver the Vandal (level 4, -4/28 HPs)
             Began as a Kobold Hunter on Jan 20, 2022.
             Slain by Sigmund (10 damage)
             ... on level 2 of the Dungeon.
             The game lasted 00:02:46 (1648 turns).

oldriver the Vandal (Kobold Hunter)                 Turns: 1648, Time: 00:02:46

Health: -4/28      AC:  3    Str:  9    XL:     4   Next: 82%
Magic:  4/4        EV: 15    Int: 12    God:
Gold:   145        SH:  0    Dex: 17    Spells: 3/3 levels left

rFire   . . .      SeeInvis .   a - +1 hunting sling
rCold   . . .      Faith    .   (no shield)
rNeg    . . .      Spirit   .   c - +0 leather armour
rPois   .          Reflect  .   (no helmet)
rElec   .          Harm     .   (no cloak)
rCorr   .          Rampage  .   (no gloves)
Will    .....                   (no boots)
Stlth   +++.......              (no amulet)
HPRegen 0.09/turn               (no ring)
MPRegen 0.09/turn               (no ring)

@: lethally poisoned (-4 -> -9)
A: small, no large weapons, nightstalker 3
a: no special abilities


You were on level 2 of the Dungeon.
You visited 1 branch of the dungeon, and saw 2 of its levels.

You collected 145 gold pieces.

Inventory:

Hand Weapons
 a - a +1 hunting sling (weapon)
 b - a +0 short sword
Missiles
 f - 68 stones (quivered ammo)
Armour
 c - a +0 leather armour (worn)
Scrolls
 e - a scroll of identify {unknown}
 g - a scroll of enchant armour {unknown}
 i - a scroll of teleportation {unknown}
 k - a scroll of vulnerability {unknown}
Potions
 h - 3 potions of mutation {unknown}
 j - a potion of magic {unknown}


   Skills:
 + Level 3.2 Fighting
 + Level 4.4 Slings
 + Level 3.5 Dodging
 + Level 3.1 Stealth


You had 3 spell levels left.
You didn't know any spells.
Your spell library contained the following spells:

 Spells                   Type           Power      Damage    Failure   Level
 Static Discharge         Conj/Air       0%         N/A       56%         2
 Lightning Bolt           Conj/Air       0%         1d11      100%        5
 Maxwell's Capacitive Co  Air            0%         ∞         100%        8


Dungeon Overview and Level Annotations

Branches:
Dungeon (2/15)

Altars:

Shops:
D:1 (

Annotations:
D:2 Sigmund


Innate Abilities, Weirdness & Mutations

You are small and have problems with some larger weapons.
You are completely attuned to the shadows.


Message History

Aim: Sigmund, wielding a +0 scythe of venom and wearing a +1 robe (wandering, hasn't noticed you, 61% to hit)
You shoot a sling bullet.
The sling bullet closely misses Sigmund.
Sigmund shouts!
Sigmund says, "Your kind have come here before.
I understand now why.
You desire death..."
Sigmund mumbles some strange words.
Sigmund flickers and vanishes!
Deactivating autopickup; reactivate with Ctrl-A.
Fire: 2 sling bullets
Press: ? - help, Shift-Dir - straight line You shoot a sling bullet.
Something hits you.
Unknown command.
Fire: sling bullet
Press: ? - help, Shift-Dir - straight line You shoot a sling bullet.
Fire: 72 stones
Press: ? - help, Shift-Dir - straight line You shoot a stone.
Something hits you!
You are poisoned.
Unknown command.
Fire: 71 stones
Press: ? - help, Shift-Dir - straight line You shoot a stone.
You feel very sick. Something hits you!
Unknown command.
Fire: 70 stones
Press: ? - help, Shift-Dir - straight line You shoot a stone.
* * * LOW HITPOINT WARNING * * *
You feel sick.
Unknown command.
Fire: 69 stones
Press: ? - help, Shift-Dir - straight line You shoot a stone.
* * * LOW HITPOINT WARNING * * *
You feel sick. Something hits you!
You die...

#######.##.#.# ........##'#.#
#...........#####
#...............#
#...).......@.# #..........##{#
#..........# .# #..........##.#
#####..........##.#
...............##.#
......).†..†...##.#############
......###...##................##
).....# #...##....########.....#


There were no monsters in sight!

Vanquished Creatures
  Jessica (D:2)
  Robin (D:2)
  An adder (D:2)
  3 bats (D:1)
  An endoplasm (D:1)
  12 goblins
  5 hobgoblins
  2 jackals (D:2)
  6 ball pythons
  A frilled lizard (D:1)
  5 kobolds
  2 rats
40 creatures vanquished.

Notes
Turn   | Place    | Note
-------+----------+-------------------------------------------
     0 | D:1      | oldriver the Kobold Hunter began the quest for the Orb.
     0 | D:1      | Reached XP level 1. HP: 12/12 MP: 1/1
   119 | D:1      | Reached XP level 2. HP: 18/18 MP: 2/2
   333 | D:1      | Found Cohed's Weapon Boutique.
   681 | D:1      | Reached XP level 3. HP: 22/22 MP: 3/3
   830 | D:2      | Noticed Robin
   906 | D:2      | Noticed Sigmund
  1055 | D:2      | Noticed a great orb of eyes
  1191 | D:2      | Noticed a shining eye
  1332 | D:2      | Killed Robin
  1372 | D:2      | Reached XP level 4. HP: 28/28 MP: 4/4
  1385 | D:2      | Noticed Jessica
  1395 | D:2      | Killed Jessica
  1648 | D:2      | Slain by Sigmund

Illustrated notes

Levels and vault maps discovered:
D:1:      dpeg_arrival_arbitrary_c, layout_basic, serial_shops, shop_coins,
          chequers_serial_rivers_micro_d
D:2:      layout_basic, hellmonk_ecumenical_altar_watching_god,
          minmay_misc_feat_doors, uniq_crazy_yiuf_cottage, uniq_robin,
          uniq_terence, uniq_jessica, uniq_sigmund

Skill      XL: |  1  2  3  4 |
---------------+-------------+-----
Stealth        | 2 3 |  3.1
Dodging        | 3 |  3.5
Fighting       | 3 |  3.2
Slings         | |  4.4

Action                   |  1- 3 |  4- 6 || total
-------------------------+-------+-------++-------
 Fire: Hunting sling     |    91 |    28 ||   119
Armor: Leather armour    |    14 |       ||    14
Dodge: Dodged            |    37 |     1 ||    38

Table legend: (Time is in decaauts)
 A = Elapsed time spent in this place.
 B = Non-inter-level travel time spent in this place.
 C = Inter-level travel time spent in this place.
 D = Time resting spent in this place.
 E = Time spent auto-exploring this place.
 F = Levels seen in this place.
 G = Mean time per level.
                   A        B        C        D        E       F      G
               +--------+--------+--------+--------+--------+-----+--------+
         Total |   1653 |   1531 |    122 |    260 |    973 |   2 |  826.5 |
       Dungeon |   1653 |   1531 |    122 |    260 |    973 |   2 |  826.5 |
               +--------+--------+--------+--------+--------+-----+--------+

Top non-repeatable levels by time:
     D:1: 1280 daAuts
     D:2: 373 daAuts
